 Seeded DCSS version 0.27.1-37-g7b29ead8ac (console) character file.

Game seed: 15394611857323534008 (custom seed)

329930 grimtooth the Eclecticist (level 22, 0/161 HPs)
             Began as a Djinni Fire Elementalist on Mar 1, 2023.
             Was the Champion of Makhleb.
             Slain by a cyan very ugly thing (26 damage)
             ... on level 3 of the Vaults on Mar 5, 2023.
             The game lasted 08:55:31 (52640 turns).

grimtooth the Eclecticist (DjFE)                   Turns: 52640, Time: 08:55:33

Health: 0/161      AC: 14    Str: 11    XL:     22   Next: 70%
Gold:   1035       EV: 19    Int: 28    God:    Makhleb [******] SH: 12 Dex: 15

rFire    + + +     SeeInvis .   a - +6 quick blade (elec)
rCold    . . .     Faith    .   Z - +0 kite shield {reflect}
rNeg     . . .     Spirit   .   D - +2 leather armour {Will+}
rPois    ∞         Reflect  +   d - +2 hat {Stlth+}
rElec    .         Harm     .   x - scarf {rC+ rF+}
rCorr    .         Rampage  .   q - +1 pair of gloves
Will     +++..                  (boots unavailable)
Stlth    +++++.....             L - amulet of regeneration
HPRegen  1.36/turn              r - +6 ring of intelligence
MPRegen  0.00/turn              U - +4 ring of protection

@: flying, studying Shields
A: sickness immunity, fire resistance 2, cold vulnerability 1, float, innate
caster, hp casting, extra vitality 1
}: 2/15 runes: barnacled, gossamer
a: Renounce Religion, Minor Destruction, Lesser Servant of Makhleb, Major
Destruction, Greater Servant of Makhleb


You were on level 3 of the Vaults.
You worshipped Makhleb.
Makhleb was exalted by your worship.
You visited 7 branches of the dungeon, and saw 36 of its levels.
You visited 1 bazaar.
You also visited: Volcano.

You collected 2981 gold pieces.
You spent 1946 gold pieces at shops.

Inventory:

Hand Weapons
 a - a +6 quick blade of electrocution (weapon)
 p - a +3 dagger of venom
Missiles
 i - 8 atropa-tipped darts
 t - 6 throwing nets {=f}
 w - 7 datura-tipped darts
 K - 168 poisoned darts (quivered)
 N - 3 curare-tipped darts
Armour
 d - a +2 hat of stealth (worn)
 q - a +1 pair of gloves (worn)
 x - a scarf of resistance (worn)
 D - a +2 leather armour of willpower (worn)
 H - a scarf of invisibility
 Z - a +0 kite shield of reflection (worn)
Magical Staves
 b - a staff of conjuration
Jewellery
 r - a +6 ring of intelligence (left hand)
 C - a ring of protection from cold
 F - the ring of Ogroogge {rPois rN++ rCorr Str-2 SInv}
   (You took it off a centaur warrior on level 10 of the Dungeon)

   [ring of poison resistance]

   Str:       It affects your strength (-2).
   rPois:     It protects you from poison.
   rN:        It greatly protects you from negative energy.
   SInv:      It lets you see invisible.
   rCorr:     It protects you from acid and corrosion.
 I - a ring of protection from cold
 L - an amulet of regeneration (around neck)
 Q - a ring of wizardry
 U - a +4 ring of protection (right hand)
Wands
 f - a wand of flame (57)
 j - a wand of digging (2)
 k - a wand of iceblast (27)
 n - a wand of acid (10)
 z - a wand of paralysis (3)
 E - a wand of polymorph (6)
 G - a wand of charming (18)
 X - a wand of mindburst (19)
Scrolls
 g - 6 scrolls of silence
 o - 2 scrolls of summoning
 v - 11 scrolls of teleportation
 y - 8 scrolls of magic mapping
 B - 3 scrolls of fear
 O - 2 scrolls of fog
 R - 2 scrolls of vulnerability
Potions
 c - a potion of heal wounds
 e - 9 potions of curing
 s - 12 potions of might
 u - 5 potions of brilliance
 A - 2 potions of invisibility
 J - 3 potions of resistance
 P - 5 potions of ambrosia
 V - a potion of cancellation
 Y - 2 potions of haste
Miscellaneous
 h - a lightning rod (4/4)
 l - a condenser vane
 m - a phantom mirror


   Skills:
 - Level 15.0 Fighting
 - Level 9.0 Short Blades
 - Level 6.0 Staves
 - Level 6.0 Armour
 + Level 15.2 Dodging
 + Level 8.5 Stealth
 + Level 13.4 Shields
 - Level 6.0 Unarmed Combat
 - Level 16.0 Spellcasting
 - Level 12.0 Invocations
 - Level 12.0 Evocations


You couldn't memorise any spells.
You knew the following spells:

 Your Spells              Type           Power      Damage    Failure   Level
a - Foxfire               Conj/Fire      100%       2x1d9     0%          1
b - Conjure Flame         Conj/Fire      84%        6-21      0%          3
c - Mephitic Cloud        Conj/Pois/Air  84%        N/A       0%          3
d - Sticky Flame          Conj/Fire      84%        2d10      1%          4
e - Corona                Hex            93%        N/A       0%          1
f - Fireball              Conj/Fire      42%        3d17      1%          5
g - Ignite Poison         Fire/Tmut/Pois 84%        N/A       0%          3
h - Lightning Bolt        Conj/Air       42%        1d61      1%          5
i - Inner Flame           Hex/Fire       84%        N/A       0%          3
j - Dispersal             Tloc           42%        N/A       1%          6
k - Discord               Hex            42%        N/A       30%         8
r - Wereblood             Tmut           84%        N/A       0%          2
B - Blade Hands           Tmut           42%        N/A       1%          5
H - Haunt                 Necr/Summ      42%        N/A       4%          7
M - Monstrous Menagerie   Summ           42%        N/A       4%          7
Your spell library was empty.

Dungeon Overview and Level Annotations

Branches:
Dungeon (15/15)            Temple (1/1) D:6            Lair (6/6) D:10
 Shoals (4/4) Lair:2       Spider (4/4) Lair:2        Slime (0/5) Lair:6
    Orc (2/2) D:11            Elf (0/3) Orc:2        Vaults (4/5) D:14
  Crypt (0/3) Vaults:3     Depths (0/5) D:15        Volcano (visited)

Altars:
Ashenzari
Cheibriados
Dithmenos
Elyvilon
Fedhas
Kikubaaqudgha
Makhleb
Qazlal
Ru
Sif Muna
Trog
Xom
Yredelemnul
Zin
The Shining One
Beogh
Jiyva
Lugonu

Shops:
D:1 =   D:7 [   Orc:1 (   Orc:2 :[(**   Shoals:1 (*   Shoals:2 *   Vaults:1 [

Portals:
Trove: D:15 (give +7 demon blade)

Annotations:
D:6 2 transporters, BeavisTheGrey's ghost, amateur TrBe
D:8 2 transporters
D:10 2 transporters, lazarouslive's ghost, novice MiBe
Lair:1 3 runed translucent doors, Aldia's ghost, journeyman GrEE; croobank's ghost, novice DsAK
Lair:6 1 runed translucent door
Spider:3 3 runed translucent doors, Mara; Melecaty's ghost, adept DsIE
Vaults:1 exclusion: 4 doors
Vaults:2 dig


Innate Abilities, Weirdness & Mutations

You are immune to sickness and miasma.
You are immune to poison.
Your flesh is very heat resistant. (rF++)
You are vulnerable to cold. (rC-)
You float through the air rather than walking.
You learn spells naturally, not from books.
Your magical power is your life essence.
You have superior vitality. (+4 HP)


Message History

The cyan very ugly thing barely misses you.
The cyan very ugly thing burns!
The cyan very ugly thing gores you but does no damage.
The cyan very ugly thing burns!
The cyan very ugly thing burns!
The cyan very ugly thing burns!
The cyan very ugly thing burns!
Press: ? - help, v - describe, . - travel
Here: a cyan very ugly thing (heavily wounded, covered in liquid flames)
The floor.
Aiming: Paralyse
Press: ? - help, Shift-Dir - straight line, f/p - cyan very ugly thing
Aim: a cyan very ugly thing (heavily wounded, covered in liquid flames, chance to affect: 59%)
Okay, then.
The cyan very ugly thing burns!
The cyan very ugly thing burns!
The cyan very ugly thing burns!
You feel a little less clever now.
The cyan very ugly thing burns!
The cyan very ugly thing stops burning.
Casting: Sticky Flame (safe; 1% risk of failure)
Confirm with . or Enter, or press ? or * to list all spells.
Aiming: Sticky Flame (safe; 1% risk of failure)
Press: ? - help, Shift-Dir - straight line, f/p - cyan very ugly thing
Aim: a cyan very ugly thing (heavily wounded, 100% to hit)
Okay, then.
Casting: Sticky Flame (safe; 1% risk of failure)
Confirm with . or Enter, or press ? or * to list all spells.
Aiming: Mephitic Cloud (safe; 0% risk of failure)
Press: ? - help, Shift-Dir - straight line, f/p - cyan very ugly thing
Aim: a cyan very ugly thing (heavily wounded, chance to affect: 15%)
The ball explodes into a vile cloud!
The stinking cloud engulfs the cyan very ugly thing but does no damage.
The cyan very ugly thing is heavily wounded.
The stinking cloud engulfs you but does no damage.
* * * LOW HITPOINT WARNING * * *
The cyan very ugly thing is engulfed in noxious fumes.
The cyan very ugly thing gores you!
* * * LOW HITPOINT WARNING * * *
The cyan very ugly thing shocks you!!
You die...

.#)..#.#"#.#.#
#......#.##....##.
####.#####.#.#
#......#.......##.
...........#.#
#####[)..(..#####.
##############
#...(..[#......#.
#....##.#......†.
#.......####...#.
################# #####.
#.......# ## ###.......###
##### #....###§§..# #...#
#....# #§u@.##### #####.#.#
#..### ###§.##..###..##...#
#..# #..###..#..#####'#
#>.### ###..####...####....
#....# #....'....)....'.#>#
#....###....####...####....
###.......#####..#..###'###
#.......# #..###..##...#
######### #### #####.#.#
#.^.# ##'##


You could see a cyan very ugly thing.

Vanquished Creatures
  Margery (Vaults:4)
  Nikola (Shoals:1)
  A sphinx (Vaults:2)
  2 krakens (Shoals:4)
  Polyphemus (Shoals:4)
  Kirke (D:13)
  An ancient champion (Vaults:3)
  Donald (Shoals:4)
  A fire giant (Vaults:2)
  A frost giant (Vaults:2)
  5 ghost moths
  Ilsuiw (Shoals:2)
  3 orc warlords
  8 vault wardens
  4 emperor scorpions (Spider:4)
  12 ironbound preservers
  A ghoul (Vaults:3)
  A stone giant (Vaults:3)
  2 very ugly things
  A deep elf annihilator (Vaults:3)
  3 entropy weavers
  9 dire elephants
  An ettin (Vaults:1)
  6 merfolk javelineers
  9 yaktaur captains
  8 merfolk impalers
  8 ironbound thunderhulks
  A jiangshi (Vaults:3)
  Fannar (Lair:1)
  13 hydras
  A great orb of eyes (shapeshifter) (D:15)
  4 great orbs of eyes
  7 vault guards
  4 catoblepae
  2 merfolk avatars (Shoals:4)
  2 peacekeepers
  14 centaur warriors
  11 boulder beetles
  2 satyrs (Shoals:2)
  4 two-headed ogres
  Erica (D:9)
  4 merfolk aquamancers
  5 ironbound frosthearts
  22 death yaks
  A tengu warrior (D:14)
  6 ironbound beastmasters
  An alligator (Lair:6)
  A deep troll earth mage (Vaults:1)
  5 orc high priests
  A hell knight (Vaults:2)
  A goliath frog (shapeshifter) (D:13)
  11 skeletal warriors
  15 sea snakes
  38 deep trolls
  A sea snake (shapeshifter) (Vaults:3)
  3 lindwurms
  9 ironbound convokers
  2 phantasmal warriors
  22 harpies
  4 orc knights
  12 wizards
  3 necromancers
  A fire giant zombie (D:15)
  4 deep elf pyromancers
  22 wolf spiders
  20 orb spiders
  2 human zombies (Vaults:2)
  28 ugly things
  5 orc sorcerers
  19 manticores
  4 oklob plants (Lair:2)
  The ghost of zeram the Nimble, a novice SpCj of Gozag (D:7)
  17 fauns
  4 cyclopes
  A nameless horror (Spider:4)
  16 water nymphs
  6 merfolk sirens
  Maurice (D:9)
  5 black mambas
  A fire giant skeleton (Vaults:2)
  4 elephants
  3 molten gargoyles (Volcano)
  A frost giant skeleton (D:15)
  11 vault sentinels
  2 torpor snails
  A gargoyle (D:11)
  Psyche (D:12)
  16 cane toads
  2 unseen horrors
  4 efreet
  A rime drake (Lair:2)
  3 kobold demonologists
  8 komodo dragons
  A tengu conjurer (D:14)
  30 yaktaurs
  2 freezing wraiths
  11 demonic crawlers
  6 trolls
  21 jumping spiders
  3 meliai (D:13)
  3 hornets
  A polar bear (Lair:3)
  A tengu simulacrum (Vaults:2)
  9 wind drakes
  10 blink frogs
  28 merfolk
  27 slime creatures
  8 dream sheep
  Prince Ribbit (D:6)
  10 snapping turtles
  A centaur simulacrum (D:11)
  83 redbacks
  A fire dragon skeleton (D:15)
  80 yaks
  13 wyverns
  2 shadows (D:10)
  21 tarantellas
  10 water elementals
  A vampire (D:10)
  5 fire elementals (Volcano)
  7 basilisks
  4 wraiths (D:10)
  10 humans (D:14)
  3 fire bats (Lair:6)
  2 hogs (D:13)
  7 wargs
  17 vampire mosquitoes
  2 acid dragons (D:11)
  Duvessa (D:6)
  17 water moccasins
  3 hell hounds
  2 human skeletons
  An ice beast (D:6)
  43 orc warriors
  A necrophage (D:7)
  10 ogres
  3 black bears
  42 wolves
  2 boggarts (Vaults:4)
  A wolf (shapeshifter) (D:14)
  17 centaurs
  A phantom (D:6)
  19 kobold brigands
  15 bullfrogs
  A gnoll sergeant (D:10)
  5 scorpions
  Dowan (D:6)
  A water moccasin zombie (D:5)
  3 earth elementals (Volcano)
  A water moccasin skeleton (D:7)
  A killer bee (D:10)
  8 howler monkeys
  5 wights (D:6)
  3 electric eels
  A lava snake (D:12)
  4 centaur zombies
  A bullfrog zombie (D:6)
  A jelly (D:6)
  6 hounds
  14 orc priests
  2 gnoll shamans (D:6)
  Jessica (D:2)
  2 iguanas
  8 hell rats (Lair:6)
  24 orc wizards
  A killer bee zombie (D:6)
  2 hound zombies (D:5)
  2 hound skeletons (D:4)
  3 howler monkey zombies
  3 adders
  13 gnolls
  3 shadow imps
  A white imp (D:6)
  An ufetubus (D:4)
  An adder skeleton (D:4)
  2 worms
  2 dart slugs (D:1)
  73 orcs
  4 ball pythons
  5 endoplasms
  3 giant cockroaches (D:3)
  10 goblins
  4 hobgoblins
  7 quokkas
  3 training dummies (Orc:1)
  4 bats (D:1)
  2 frilled lizards (D:1)
  14 kobolds
  5 rats
  A butterfly (Lair:2)
  A tentacle (Shoals:4)
1423 creatures vanquished.

Vanquished Creatures (collateral kills)
  Arachne (Spider:4)
  4 emperor scorpions
  An ironbound preserver (Vaults:1)
  2 entropy weavers
  A crystal guardian (Vaults:2)
  A merfolk javelineer (Shoals:2)
  A merfolk impaler (Shoals:1)
  3 boulder beetles
  A manticore (Shoals:1)
  A cyclops (Shoals:4)
  A water nymph (Shoals:1)
  2 yaktaurs (Vaults:2)
  2 demonic crawlers
  A merfolk (Shoals:1)
  10 redbacks
  A tarantella (Spider:3)
  18 foxfires
51 creatures vanquished.

Vanquished Creatures (others)
  A merfolk impaler (Shoals:2)
  2 wizards (Vaults:1)
  2 merfolk (Shoals:2)
  A tarantella (Spider:4)
  A water elemental (Shoals:2)
  A human (D:13)
  An orc (Orc:1)
  2 bushes (Lair:6)
  2 fire vortices (Volcano)
  1558 foxfires
  58 fungi
  224 plants
  15 tentacles (Shoals:4)
  7 withered plants (D:15)
1875 creatures vanquished.

Grand Total: 3349 creatures vanquished

Notes
Turn   | Place    | Note
-------+----------+-------------------------------------------
     0 | D:1      | grimtooth the Djinni Fire Elementalist began the quest for
                  | the Orb.
     0 | D:1      | Reached XP level 1. HP: 15/15 MP: 0/0
    20 | D:1      | Found a faded altar of an unknown god.
   249 | D:1      | Reached skill level 1 in Fighting
   249 | D:1      | Reached XP level 2. HP: 12/22 MP: 0/0
   812 | D:1      | Found Zoken's Jewellery Emporium.
   880 | D:1      | Reached XP level 3. HP: 27/28 MP: 0/0
   880 | D:1      | Learned a level 1 spell: Corona
  1741 | D:2      | Noticed Jessica
  1890 | D:2      | Killed Jessica
  1891 | D:2      | Reached XP level 4. HP: 28/34 MP: 0/0
  2010 | D:3      | Found a glowing golden altar of the Shining One.
  2012 | D:3      | Found a stormy altar of Qazlal.
  2129 | D:3      | Reached skill level 3 in Spellcasting
  2551 | D:3      | Reached XP level 5. HP: 37/40 MP: 0/0
  2551 | D:3      | Learned a level 2 spell: Wereblood
  3236 | D:4      | Noticed a black bear
  3273 | D:4      | Killed a black bear
  3274 | D:4      | Reached XP level 6. HP: 44/48 MP: 0/0
  3463 | D:4      | Found a basalt altar of Yredelemnul.
  3497 | D:4      | Noticed a water moccasin
  3504 | D:4      | Killed a water moccasin
  3505 | D:4      | Reached skill level 5 in Fighting
  3605 | D:4      | Found a bloodstained altar of Trog.
  3930 | D:5      | Entered Level 5 of the Dungeon
  3963 | D:5      | Reached XP level 7. HP: 51/54 MP: 0/0
  3963 | D:5      | Learned a level 3 spell: Ignite Poison
  4096 | D:5      | Reached skill level 4 in Spellcasting
  4620 | D:5      | Reached skill level 5 in Spellcasting
  4620 | D:5      | Reached XP level 8. HP: 52/61 MP: 0/0
  5246 | D:6      | Noticed BeavisTheGrey's ghost (amateur TrBe)
  5247 | D:6      | Found a transporter.
  5247 | D:6      | Found a transporter.
  5335 | D:6      | Reached skill level 6 in Spellcasting
  5360 | D:6      | Noticed Duvessa
  5536 | D:6      | Reached XP level 9. HP: 63/66 MP: 0/0
  5536 | D:6      | Learned a level 3 spell: Mephitic Cloud
  5564 | D:6      | Noticed Prince Ribbit
  5572 | D:6      | Killed Prince Ribbit
  5573 | D:6      | Reached skill level 5 in Dodging
  5817 | D:6      | Reached skill level 7 in Spellcasting
  6058 | D:6      | Noticed Dowan
  6329 | D:7      | Found Mecan Efiyg's Armour Shop.
  6686 | D:7      | Reached skill level 8 in Spellcasting
  6808 | D:7      | Found a runed translucent gate.
  6809 | D:7      | Found a runed translucent gate.
  6810 | D:7      | Found a runed translucent gate.
  6811 | D:7      | Identified the +1 plate armour of a Gauntlet {Regen+}
  6813 | D:7      | Noticed zeram's ghost (novice SpCj)
  7065 | D:7      | Reached XP level 10. HP: 67/72 MP: 0/0
  7681 | D:8      | Noticed a purple ugly thing
  7681 | D:8      | Noticed a red ugly thing
  7683 | D:8      | Noticed a brown ugly thing
  7684 | D:8      | Found a corrupted altar of Lugonu.
  7691 | D:8      | Found a white marble altar of Elyvilon.
  7827 | D:8      | Noticed a kobold demonologist
  7831 | D:8      | - wait i missed temple
  7831 | D:8      | Killed a kobold demonologist
  7832 | D:8      | Reached skill level 9 in Spellcasting
  8060 | D:6      | Found a staircase to the Ecumenical Temple.
  8198 | Temple   | Entered the Ecumenical Temple
  8230 | Temple   | Became a worshipper of Makhleb the Destroyer
  8298 | D:6      | Killed Duvessa
  8298 | D:6      | Killed Dowan
  8563 | D:8      | Found a transporter.
  8565 | D:8      | Found a transporter.
  9297 | D:9      | Noticed Maurice
  9572 | D:9      | Noticed Erica
  9917 | D:9      | Killed Maurice
  9918 | D:9      | Reached XP level 11. HP: 84/84 MP: 0/0
  9918 | D:9      | Learned a level 5 spell: Blade Hands
  9952 | D:10     | Entered Level 10 of the Dungeon
  9967 | D:10     | - wait what
  9970 | D:10     | HP: 4/84 [unseen horror (10)]
 10122 | D:10     | Found a transporter.
 10126 | D:10     | Noticed lazarouslive's ghost (novice MiBe)
 10128 | D:10     | Noticed a skeletal warrior
 10170 | D:10     | Reached skill level 10 in Spellcasting
 10467 | D:10     | Noticed a deep elf zephyrmancer
 10475 | D:10     | Found a transporter.
 10500 | D:10     | Found a staircase to the Lair.
 10562 | D:10     | Reached * piety under Makhleb
 10683 | D:10     | Noticed a green ugly thing
 10685 | D:10     | Noticed a two-headed ogre
 10694 | D:10     | Noticed a centaur warrior
 10801 | D:10     | Found a broken altar of Ashenzari.
 10945 | D:11     | Noticed a brown ugly thing
 10961 | D:11     | Killed a brown ugly thing
 11018 | D:11     | Reached skill level 10 in Fighting
 11174 | D:11     | Noticed a seven-headed hydra
 11182 | D:11     | Killed a seven-headed hydra
 11483 | D:11     | Reached XP level 12. HP: 65/93 MP: 0/0
 11677 | D:11     | Found a staircase to the Orcish Mines.
 11898 | D:11     | Noticed a two-headed ogre
 12019 | D:11     | Noticed a two-headed ogre
 12123 | D:11     | Reached skill level 11 in Spellcasting
 12254 | D:11     | Killed a two-headed ogre
 12402 | D:11     | Killed a two-headed ogre
 12665 | Lair:1   | Entered Level 1 of the Lair of Beasts
 12670 | Lair:1   | Noticed a six-headed hydra
 12732 | Lair:1   | Noticed Fannar
 12788 | Lair:1   | Killed a six-headed hydra
 12905 | Lair:1   | Reached ** piety under Makhleb
 12945 | Lair:1   | Found a runed translucent gate.
 12948 | Lair:1   | Found a runed translucent gate.
 12948 | Lair:1   | Found a runed translucent gate.
 12950 | Lair:1   | Noticed Aldia's ghost (journeyman GrEE)
 12950 | Lair:1   | Noticed croobank's ghost (novice DsAK)
 12987 | Lair:1   | Reached skill level 12 in Spellcasting
 13198 | Lair:1   | Reached skill level 1 in Staves
 13198 | Lair:1   | Reached skill level 1 in Evocations
 13305 | Lair:1   | Reached XP level 13. HP: 98/101 MP: 0/0
 13305 | Lair:1   | Learned a level 5 spell: Lightning Bolt
 13729 | Lair:1   | Noticed a four-headed hydra
 13748 | Lair:1   | Killed a four-headed hydra
 13749 | Lair:1   | Reached skill level 1 in Short Blades
 14238 | Lair:2   | Noticed a boulder beetle
 14245 | Lair:2   | Reached *** piety under Makhleb
 14334 | Lair:2   | Reached skill level 5 in Evocations
 14356 | Lair:2   | Killed a boulder beetle
 14431 | Lair:2   | Found a dark tunnel.
 14441 | Volcano  | Entered a volcano
 14449 | Volcano  | - man i got nothin for this guy
 14549 | Volcano  | Reached skill level 1 in Invocations
 14802 | Volcano  | Reached **** piety under Makhleb
 15343 | Lair:2   | Found a staircase to the Shoals.
 15413 | Lair:2   | Found a hole to the Spider Nest.
 15574 | Lair:2   | Reached skill level 5 in Invocations
 15628 | Lair:2   | Identified the +5 flail of the Skies Above {freeze, rF-
                  | Str+6 Int-4 Dex+8}
 15766 | Lair:3   | Noticed a boulder beetle
 15778 | Lair:3   | Killed a boulder beetle
 15846 | Lair:3   | Reached skill level 5 in Short Blades
 15846 | Lair:3   | Reached XP level 14. HP: 107/107 MP: 0/0
 15925 | Lair:3   | - uh-oh
 16925 | Lair:3   | Reached skill level 1 in Shields
 17755 | Lair:4   | Reached ***** piety under Makhleb
 18881 | Lair:5   | Reached skill level 5 in Shields
 19622 | Lair:6   | Entered Level 6 of the Lair of Beasts
 19767 | Lair:6   | Reached XP level 15. HP: 110/112 MP: 0/0
 19767 | Lair:6   | Learned a level 6 spell: Dispersal
 19950 | Lair:6   | Found a runed translucent door.
 19951 | Lair:6   | Found a viscous altar of Jiyva.
 19951 | Lair:6   | Noticed an acid blob
 19952 | Lair:6   | Noticed an acid blob
 19953 | Lair:6   | Found a staircase to the Slime Pits.
 19953 | Lair:6   | Identified the +8 long sword of Instant Death {protect,
                  | Int+2}
 20047 | Lair:6   | Reached skill level 1 in Unarmed Combat
 20920 | Lair:6   | Identified the +4 quarterstaff "Grim" {venom, Str+4}
 21260 | Lair:6   | Reached skill level 5 in Unarmed Combat
 21266 | Lair:6   | Reached skill level 13 in Spellcasting
 21269 | Lair:6   | Reached ****** piety under Makhleb
 22144 | Lair:1   | Killed Fannar
 22301 | Orc:1    | Entered Level 1 of the Orcish Mines
 22463 | Orc:1    | Found Felur's Firing Range.
 22528 | Orc:2    | Entered Level 2 of the Orcish Mines
 22757 | Orc:2    | Reached XP level 16. HP: 114/118 MP: 0/0
 23427 | Orc:2    | Found Deakew's Book Emporium.
 23634 | Orc:2    | Found a staircase to the Elven Halls.
 23998 | Orc:2    | Found Tuetis's Assorted Antiques.
 24081 | Orc:2    | Found Pertelu's Practical Paraphernalia.
 24858 | Orc:2    | Reached skill level 5 in Stealth
 24869 | Orc:2    | Found Fidy's Antique Weapon Emporium.
 24879 | Orc:2    | Found Fiuleble's Antique Armour Shoppe.
 25099 | Orc:2    | Bought a sapphire potion for 19 gold pieces
 25099 | Orc:2    | Bought a sapphire potion for 19 gold pieces
 25099 | Orc:2    | Bought a wand of mindburst (8) for 88 gold pieces
 25142 | Orc:2    | Bought a ring of protection from cold for 400 gold pieces
 25195 | Orc:2    | Bought a spiked ring mail for 324 gold pieces
 25195 | Orc:2    | Identified the +0 ring mail of Jirresot {Str+4} (You bought
                  | it in a shop on level 2 of the Orcish Mines)
 25460 | D:9      | Killed Erica
 25712 | D:12     | Noticed Psyche
 26100 | D:12     | Killed Psyche
 26176 | D:12     | Reached skill level 10 in Dodging
 26797 | D:13     | Noticed Kirke
 27277 | D:13     | Killed Kirke
 27632 | D:13     | Identified the +0 scale mail of Xeiqim {Rampage rF+ Stlth+}
 28251 | D:14     | Found a broken altar of Ashenzari.
 28350 | D:14     | You are sucked into a shaft and drop 1 floor!
 28350 | D:15     | Entered Level 15 of the Dungeon
 28582 | D:14     | Reached XP level 17. HP: 113/123 MP: 0/0
 28582 | D:14     | Learned a level 7 spell: Haunt
 28797 | D:14     | Reached skill level 10 in Invocations
 28868 | D:14     | Found a gate to the Vaults.
 29020 | D:14     | Identified the +11 glaive of Grontol {freeze, rN+ Int+3}
 29774 | D:15     | Found a staircase to the Depths.
 30479 | D:15     | Found a portal to a secret trove of treasure.
 30940 | Spider:1 | Entered Level 1 of the Spider Nest
 31234 | Spider:1 | Reached skill level 14 in Spellcasting
 31686 | Spider:2 | You are sucked into a shaft and drop 1 floor!
 31704 | Spider:3 | Noticed Mara
 31742 | Spider:3 | Identified the +9 morningstar "Nuxaj" {vorpal, Contam rElec
                  | Str+4}
 32520 | Spider:2 | Reached XP level 18. HP: 130/130 MP: 0/0
 32926 | Spider:3 | - ah shit
 33233 | Spider:3 | Reached skill level 5 in Staves
 33240 | Spider:3 | Noticed grimtooth's illusion
 34002 | Spider:3 | Found a runed translucent gate.
 34003 | Spider:3 | Found a runed translucent gate.
 34004 | Spider:3 | Found a runed translucent gate.
 34007 | Spider:3 | Noticed Melecaty's ghost (adept DsIE)
 34058 | Spider:3 | Identified 2 scrolls of acquirement
 34433 | D:14     | Acquired a +2 hat of stealth
 34434 | D:14     | Acquired a +6 quick blade
 34652 | D:7      | Killed zeram's ghost
 34709 | D:7      | Identified the +0 hat of Inquiry {Slay+4 Stlth+}
 35013 | D:10     | Identified the ring of Ogroogge {rPois rN++ rCorr Str-2
                  | SInv}
 35177 | D:10     | Identified the +1 ring mail of Proximity {rC+ rN+}
 35616 | Spider:4 | Entered Level 4 of the Spider Nest
 36291 | Spider:4 | Reached skill level 1 in Armour
 37007 | Spider:4 | Noticed Arachne
 37957 | Spider:4 | Killed Arachne
 38099 | Spider:4 | Reached skill level 5 in Armour
 38714 | Spider:4 | Reached XP level 19. HP: 99/136 MP: 0/0
 38714 | Spider:4 | Learned a level 7 spell: Monstrous Menagerie
 38809 | Spider:4 | Got a gossamer rune of Zot
 39527 | Shoals:1 | Entered Level 1 of the Shoals
 39573 | Shoals:1 | HP: 6/137 [merfolk impaler (9)]
 40047 | Shoals:1 | Found Qaidub's Antique Weapon Shoppe.
 40144 | Shoals:1 | Noticed Nikola
 40154 | Shoals:1 | Killed Nikola
 40294 | Shoals:1 | Found Zogeann's Assorted Antiques.
 40524 | Shoals:1 | Reached skill level 10 in Evocations
 40795 | Orc:2    | Bought a potion of haste for 220 gold pieces
 40795 | Orc:2    | Bought a scroll of teleportation for 66 gold pieces
 40945 | Shoals:2 | Reached skill level 15 in Spellcasting
 41174 | Shoals:2 | Found Wuzeub's Mayhem Merchandise.
 41388 | Shoals:2 | Noticed Ilsuiw
 41398 | Shoals:2 | Killed Ilsuiw
 41400 | Shoals:2 | Identified the +6 flail "Yluanwon" {vorpal, Int+5}
 43195 | Shoals:3 | Reached XP level 20. HP: 138/146 MP: 0/0
 43519 | Shoals:4 | Entered Level 4 of the Shoals
 43616 | Shoals:4 | Found a flickering gateway to a bazaar.
 43661 | Bazaar   | Entered a bazaar
 43661 | Bazaar   | Found Xygu's Distillery.
 43661 | Bazaar   | Found Toexulev's Magic Scroll Emporium.
 43842 | Bazaar   | Found Isuuptekk's Distillery.
 43842 | Bazaar   | Found Wigulivo's Jewellery Shoppe.
 43849 | Bazaar   | Bought a scroll of fog for 28 gold pieces
 43849 | Bazaar   | Bought a scroll of blinking for 105 gold pieces
 43859 | Bazaar   | Bought a potion of heal wounds for 55 gold pieces
 43859 | Bazaar   | Bought a potion of heal wounds for 55 gold pieces
 43859 | Bazaar   | Bought a potion of curing for 33 gold pieces
 43859 | Bazaar   | Bought a potion of cancellation for 88 gold pieces
 43865 | Bazaar   | Bought a potion of brilliance for 68 gold pieces
 43865 | Bazaar   | Bought 2 potions of brilliance for 136 gold pieces
 43867 | Bazaar   | Bought a potion of curing for 51 gold pieces
 43867 | Bazaar   | Bought a potion of curing for 51 gold pieces
 43871 | Bazaar   | Bought a scroll of teleportation for 42 gold pieces
 43871 | Bazaar   | Bought 2 scrolls of magic mapping for 98 gold pieces
 43923 | Shoals:4 | Noticed Donald
 43939 | Shoals:4 | Killed Donald
 44359 | Shoals:4 | - what does it take to get some alone time around here
 44740 | Shoals:4 | Reached skill level 15 in Fighting
 44874 | Shoals:4 | Noticed Polyphemus
 44894 | Shoals:4 | Killed Polyphemus
 45275 | Shoals:4 | Got a barnacled rune of Zot
 45804 | Vaults:1 | Entered Level 1 of the Vaults
 46307 | Vaults:1 | Reached skill level 10 in Shields
 46597 | Vaults:1 | Reached XP level 21. HP: 132/155 MP: 0/0
 46597 | Vaults:1 | Learned a level 8 spell: Discord
 47169 | Vaults:1 | Found Nishroch's Armour Boutique.
 48218 | Vaults:2 | Reached skill level 15 in Dodging
 50479 | Vaults:3 | Reached XP level 22. HP: 142/161 MP: 0/0
 50983 | Vaults:3 | Found a staircase to the Crypt.
 52238 | Vaults:3 | Reached skill level 16 in Spellcasting
 52378 | Vaults:3 | Identified the +1 scale mail of Card Tricks {Str+3}
 52469 | Vaults:4 | Noticed Margery
 52608 | Vaults:4 | Killed Margery
 52640 | Vaults:3 | Slain by a cyan very ugly thing

Illustrated notes #.#....###########.....##. #.#....# ########. ###'#....# #. #........# #. #.....#'## #. #........# #. #........# ## ######........### ### .........#......## #.. ############'##..# #.# .... #####@# ##.# #### K.KKK(..# ..... .KKKKK### .##.# .KK..K #.# .KKKK #.. ..KK. ### ..KK .## #### .... ..... #. ## Turn 7831 on D:8: - wait i missed temple #..# #..# #..# #..# #..# #.$# ###..######## #######yy@.§.☼h.... .......°..........P. ...F†(○§☼☼Y○............ .......○§Y.............. ....†(○YY§.............. #P.##@Y##.##..######## ########### #. ## Turn 15925 on Lair:3: - uh-oh #..#^. .... #...^. ...### #.....###...... ^........?.s^ ###.......s.# ............# ....!..^.^^.# s......@### #......#s.# #..^.s##s.# #.....#...# ... ..... #...# .(. #≈#.... #...# ...[ ....^####s..#.[s.. ........#..s#.s... #......#...≈...## ...$.##≈...#..... ###.............. Turn 32926 on Spider:3: - ah shit

≈≈≈≈≈≈≈≈≈≈≈≈≈≈≈≈≈≈≈≈≈≈≈≈≈≈≈≈≈≈≈≈≈
≈≈≈≈≈≈≈≈≈≈≈≈≈≈≈≈≈≈≈≈≈≈≈≈≈≈≈≈≈≈≈≈≈
≈≈≈≈≈≈≈≈≈≈≈≈≈≈≈≈≈≈≈≈≈≈≈≈≈≈≈≈≈≈≈≈≈
≈≈≈≈≈≈≈≈≈≈≈≈≈≈≈≈≈≈≈≈≈≈≈≈≈≈≈≈≈≈≈≈≈
≈≈≈≈≈.≈≈≈≈≈≈≈≈≈≈≈≈≈≈≈≈≈≈≈≈≈≈≈≈≈≈≈
≈≈≈≈≈≈≈≈≈≈≈≈≈≈≈≈≈≈≈(≈≈≈≈≈≈≈≈≈≈≈≈≈
≈≈≈≈≈≈≈≈≈≈≈≈≈≈≈≈≈)≈≈######≈≈≈≈≈≈≈
≈≈≈≈≈≈≈≈.≈≈≈≈≈≈≈...#≈≈≈≈≈##≈≈≈≈≈≈
≈≈≈≈≈≈≈≈..≈≈≈≈≈...#.#≈≈≈≈≈##≈≈≈≈≈
≈≈≈≈.≈≈≈≈≈≈≈≈≈...#.#.≈≈#≈.≈#≈≈≈≈≈
≈≈≈≈≈....≈≈≈≈...@#..≈≈≈≈≈.≈#≈≈≈≈≈
≈≈≈≈≈....(≈≈.....#..≈≈##≈.≈#≈≈≈≈≈
≈≈≈≈.....(.......#..#≈#≈..≈#≈≈≈≈≈
≈≈≈≈..(((.(.....≈#≈..≈≈.}#≈#≈≈≈≈≈
≈≈≈≈.t[.((.....≈≈##≈....#≈##≈≈≈≈≈
≈≈≈≈..........≈≈≈≈##≈≈≈≈≈##.≈≈≈≈≈
≈≈≈≈...∩[..)≈≈≈≈≈≈≈#######)÷≈≈≈≈≈
≈≈≈≈...[..≈(≈≈≈≈≈≈≈.....)....≈≈≈≈
≈≈≈≈≈....≈≈[≈≈≈≈≈≈..#.........≈≈≈
≈≈≈≈≈P≈≈≈≈≈≈[≈≈≈≈≈)...........)≈)
≈≈≈≈≈≈≈P≈P≈≈≈≈≈≈≈≈..............≈


Turn 44359 on Shoals:4: - what does it take to get some alone time around here

Levels and vault maps discovered:
D:1:      dpeg_arrival_arbitrary_c, layout_basic, serial_shops, shop,
          chequers_ecumenical_altar_simple_redux
D:2:      layout_rooms, serial_bayou_pond_a, uniq_jessica
D:3:      layout_loops_ring, chequers_temple_overflow_statue_of_worship
D:4:      layout_loops_ring, mainiacjoe_overflow_chevrons,
          mainiacjoe_overflow_six_doors_small
D:5:      layout_basic
D:6:      layout_rooms, minmay_temple_entry_drinking_statues,
          gammafunk_ghost_hive, minmay_misc_feat_room, uniq_duvessa,
          uniq_prince_ribbit1
D:7:      layout_rooms, biasface_ghost_orc_armoury, serial_shops, shop,
          minmay_fountain_box, roderic_lattice_a
D:8:      gammafunk_corrupted_shrine, layout_basic,
          nicolae_overflow_crystal_walls, special_room [special_room_kobold]
D:9:      layout_grid_maze, uniq_maurice, uniq_erica
D:10:     kennysheep_windowed_halls, layout_basic, mainiacjoe_overflow_alcove_1,
          lair_entry_dummy, gammafunk_ghost_arena
D:11:     layout_loops_ring, orc_0_dummy, kennysheep_cross_bottleneck,
          grunt_ministairs_1, wad_rectangle_vault
D:12:     layout_basic, uniq_psyche
D:13:     minmay_ambush_box, layout_basic, uniq_kirke
D:14:     layout_basic, ximxim_vaults_locker_room, evilmike_ruin_ashenzari,
          lightli_corner_chamber
D:15:     gammafunk_depths_entry_grave, layout_stronghold, enter_trove_5
Temple:   eino_temple_rhombus
Lair:1:   cheibrodos_lair_river_kwai, layout_misc_corridors,
          gammafunk_ghost_cemetery, grunt_megastairs_5, uniq_fannar
Lair:2:   layout_regular_city, shoals_dummy_entry, spider_nest_entry_web_field,
          enter_volcano_3, grunt_megastairs_4, infiniplex_staircase_pool_2,
          lemuel_fruit_fields, minmay_lair_oklob_chamber, lemuel_fruit_tree
Lair:3:   nzn_winding_woodlands_medium [nzn_winding_woodlands_5x5_three,
          nzn_winding_woodlands_5x15_parted,
          nzn_winding_woodlands_5x5_perimeter,
          nzn_winding_woodlands_5x5_closed_star,
          nzn_winding_woodlands_center_triple_pond,
          nzn_winding_woodlands_5x5_checkerboard,
          nzn_winding_woodlands_5x5_default, nzn_winding_woodlands_5x15_pool,
          nzn_winding_woodlands_5x5_open_star], layout_chaotic_city,
          grunt_megastairs_1
Lair:4:   layout_regular_city, minivault_27
Lair:5:   layout_regular_city, st_stairs_3, nzn_random_ring
Lair:6:   evilmike_catoblepas_cave, layout_gridlike, slime_altar_2, special_room
          [special_room_mythical_zoo]
Shoals:1: layout_shoals, serial_shops, nicolae_diamond_shop,
          nicolae_diamond_shop, uniq_nikola
Shoals:2: cheibrodos_shoals_epimethial_gifts, layout_shoals,
          nicolae_shoals_lost_giant_temple, minmay_shop_mayhem, uniq_ilsuiw
Shoals:3: layout_shoals, nicolae_shoals_nymph_descending_staircase
Shoals:4: shoals_end_hangedman, layout_shoals, serial_shops,
          bzr_entry_customers, uniq_donald, uniq_polyphemus
Spider:1: layout_spider_delve
Spider:2: layout_spider_delve, nicolae_spider_rock_and_or_roll
Spider:3: layout_spider_delve, gammafunk_ghost_tricky_traps,
          nicolae_spider_cling_ruins, spiders_nest_spider_trap, uniq_mara
Spider:4: grunt_spider_rune_circles, nicolae_spider_jagged_tunnels, uniq_arachne
Orc:1:    layout_caves, basic_altar, nicolae_orc_stony_grotto,
          nicolae_shop_firing_range
Orc:2:    grunt_orc_community_town_hall, layout_diamond_mine,
          grunt_orc_community_big_house_1, grunt_orc_community_big_house_2,
          grunt_orc_community_house_1, grunt_orc_community_house_3,
          grunt_orc_community_house_3, grunt_orc_community_house_1,
          nicolae_alphabet_shops, kennysheep_orc_chapel
Vaults:1: vaults_dpeg_hooks, nicolae_vaults_ring_of_whatevers,
          vaults_room_large_hall, v_misc_18, vaults_dpeg_doors, v_pattern_5,
          dpeg_vaults_monster_box, vaults_room_guarded_vault,
          ontoclasm_vaults_shuriken, ontoclasm_vaults_chip, vaults_room_hallway,
          layout_vaults_omnicross
Vaults:2: v_rooms_5, vaults_room_glass_cross, vaults_room_hallway,
          nicolae_vaults_little_squares_3, v_alt_pattern_5, v_misc_22,
          vaults_dpeg_spiral, nicolae_vaults_stairing_the_circle, v_misc_2,
          v_pattern_2, vaults_room_hallway, grunt_vaults_hallway_short,
          vaults_dpeg_ring, nicolae_vaults_sealed_display,
          layout_vaults_chaotic_city
Vaults:3: hangedman_vaults_stretched_pinwheel, vaults_room_door_hall,
          st_hourglassy, nicolae_vaults_theta,
          hangedman_vaults_stretched_pinwheel, v_alt_pattern_2,
          nicolae_vaults_asterisk, minmay_crypt_entry_simple_round, v_misc_25,
          grunt_vaults_trifunnel, ontoclasm_vaults_misaligned, v_misc_22,
          nicolae_vaults_network_periphery, layout_vaults_omnibox
Vaults:4: ontoclasm_vaults_ring_small, vaults_standard_mumra_enter_the_diamond,
          nicolae_vaults_big_ls, ontoclasm_vaults_bender, vaults_room_pools,
          nicolae_vaults_theta, vaults_mumra_minichess,
          nicolae_vaults_rhombus_6, layout_vaults_quadrants, uniq_margery

Skill      XL: |  1  2  3  4  5  6  7  8  9 10 11 12 13 14 15 16 17 18 19 20 21 22 |
---------------+-------------------------------------------------------------------+-----
Fighting       | 1 2 3 4 5 6 9 10 12 13 15 | 15.0
Spellcasting   | 3 5 6 8 9 10 12 13 14 15 16 | 16.0
Dodging        | 4 6 9 11 12 13 15 | 15.2
Staves         | 2 4 6 |  6.0
Evocations     | 2 6 7 9 11 12 | 12.0
Short Blades   | 5 6 9 |  9.0
Invocations    | 5 9 12 | 12.0
Shields        | 6 11 12 13 | 13.4
Unarmed Combat | 6 |  6.0
Stealth        | 6 8 |  8.5
Armour         | 6 |  6.0

Action                   |  1- 3 |  4- 6 |  7- 9 | 10-12 | 13-15 | 16-18 | 19-21 | 22-24 || total
-------------------------+-------+-------+-------+-------+-------+-------+-------+-------++-------
Melee: Dagger            |     2 |     4 |    10 |    50 |   212 |   522 |   124 |       ||   924
       Staff             |       |     2 |     2 |    23 |    12 |    73 |    39 |     7 ||   158
       Unarmed           |       |       |       |       |    53 |    89 |    11 |       ||   153
       Punch             |       |       |       |       |     3 |     3 |       |       ||     6
       Short sword       |       |       |       |       |       |    69 |       |       ||    69
       Rapier            |       |       |       |       |       |       |     6 |       ||     6
       Quick blade       |       |       |       |       |       |       |   531 |   317 ||   848
Throw: Stone             |       |     1 |       |     1 |       |       |       |       ||     2
       Dart              |       |       |       |     7 |    75 |   241 |    54 |       ||   377
 Cast: Foxfire           |    62 |    71 |   179 |   135 |   142 |    20 |   287 |       ||   896
       Sticky Flame      |       |       |     8 |    29 |    83 |   111 |   152 |    42 ||   425
       Conjure Flame     |       |       |    11 |    35 |    37 |    34 |     3 |       ||   120
       Inner Flame       |       |       |     2 |     3 |     1 |       |       |       ||     6
       Fireball          |       |       |       |    46 |   114 |   120 |   122 |    19 ||   421
       Mephitic Cloud    |       |       |       |    11 |    76 |   117 |    75 |    20 ||   299
       Ignite Poison     |       |       |       |     6 |    23 |    44 |    24 |     1 ||    98
       Lightning Bolt    |       |       |       |       |    21 |    28 |    15 |    17 ||    81
       Blade Hands       |       |       |       |       |     6 |    15 |     2 |       ||    23
       Dispersal         |       |       |       |       |       |     2 |     4 |       ||     6
       Haunt             |       |       |       |       |       |    16 |    13 |       ||    29
       Corona            |       |       |       |       |       |     3 |       |       ||     3
Invok: Lesser Servant of |       |       |       |       |     1 |       |     3 |       ||     4
       Greater Servant o |       |       |       |       |       |     1 |     1 |       ||     2
 Abil: End Transformatio |       |       |       |       |     4 |    12 |     3 |       ||    19
       Evoke Invisibilit |       |       |       |       |       |       |     1 |       ||     1
Evoke: Wand              |       |       |       |     2 |     6 |     9 |    92 |     1 ||   110
       Condenser vane    |       |       |       |       |       |       |       |     1 ||     1
  Use: Scroll            |       |       |     6 |     6 |     5 |    17 |    11 |       ||    45
       Potion            |       |       |       |     3 |     5 |     2 |     9 |     1 ||    20
 Stab: Sleeping          |       |     1 |       |     1 |     1 |     5 |    12 |     3 ||    23
       Confused          |       |       |       |     1 |    21 |    42 |    42 |    13 ||   119
       Distracted        |       |       |       |       |       |     4 |       |     2 ||     6
Armor: Robe              |     5 |     6 |     5 |    20 |    27 |       |       |       ||    63
       Leather armour    |       |       |       |       |    63 |   391 |   201 |    37 ||   692
Dodge: Dodged            |    11 |     8 |    23 |   112 |   300 |   908 |   500 |   103 ||  1965
Block: Buckler           |       |       |       |       |       |   191 |    87 |       ||   278
       Kite shield       |       |       |       |       |       |       |   162 |   108 ||   270
       Reflection        |       |       |       |       |       |       |    11 |     5 ||    16
